General information
- name: BNet
- type: Ladder team game (AT/RT)
- host: Battle.net
- saver: JewsFearSamurai
map: GolemsInTheMist
- players: 8
- length: 48:34
- speed: Fast
- version: 1.28 W3XP
- replay type: Public
» download(387 KB)
Players
team 1 (loser)
iMaGiNe] (
purple | 82 APM | 3082 actions | 37:24)
7 Warden
3 Fan of Knives
3 Blink
1 Spirit of Vengeance
» actions
| Assign group hotkey | 78 | |
| Basic commands | 166 | |
| Build / train | 109 | |
| ESC pressed | 1 | |
| Enter build submenu | 42 | |
| Enter hero's abilities submenu | 7 | |
| Give item / drop item | 2 | |
| Remove unit from queue | 6 | |
| Right click | 1087 | |
| Select / deselect | 614 | |
| Select group hotkey | 882 | |
| Use ability | 88 | |
3082 total
» units
| Wisp | 33 | |
| Archer | 14 | |
| Druid of the Talon | 10 | |
| Dryad | 6 | |
| Demolisher | 6 | |
69 total
» upgrades
| Druid of the Talon Training | 2 | |
| Improved Bows | 1 | |
| Strength of the Moon | 3 | |
| Abolish Magic | 1 | |
| Strength of the Wild | 3 | |
| Moon Armor | 2 | |
| Reinforced Hides | 2 | |
| Marksmanship | 1 | |
| Well Spring | 1 | |
| Ultravision | 1 | |
| Ranged Weapons | 1 | |
18 total
» buildings
| Moon Well | 9 | |
| Ancient of Wonders | 1 | |
| Altar of Elders | 1 | |
| Ancient of War | 1 | |
| Tree of Ages | 1 | |
| Tree of Life | 7 | |
| Hunter's Hall | 1 | |
| Ancient of Wind | 1 | |
| Ancient of Lore | 1 | |
| Tree of Eternity | 1 | |
| Ancient Protector | 11 | |
| Stronghold | 1 | |
36 total
» build order
00:41 Moon Well
00:50 Ancient of Wonders
01:16 Altar of Elders
01:19 Moon Well
01:32 Moon Well
02:12 Ancient of War
03:35 Tree of Ages
03:45 Moon Well
04:40 Tree of Life
04:57 Tree of Life
05:04 Moon Well
05:34 Hunter's Hall
06:07 Ancient of Wind
07:12 Ancient of Lore
07:36 Tree of Eternity
09:41 Ancient Protector
09:42 Ancient Protector
09:45 Ancient Protector
09:47 Ancient Protector
11:04 Ancient Protector
11:07 Ancient Protector
11:18 Ancient Protector
13:02 Moon Well
13:03 Moon Well
13:06 Moon Well
13:43 Moon Well
17:43 Tree of Life
18:37 Tree of Life
22:41 Tree of Life
23:07 Ancient Protector
23:13 Ancient Protector
23:19 Ancient Protector
23:20 Ancient Protector
24:13 Tree of Life
31:01 Stronghold
33:39 Tree of Life
» items
| Scroll of Town Portal | 1 | |
| Orb of Lightning | 1 | |
| Healing Salve | 1 | |
| Lesser Clarity Potion | 1 | |
| Potion of Healing | 1 | |
5 total
dearonis (
teal | 58 APM | 1259 actions | 21:42)
3 Blademaster
1 Wind Walk
2 Critical Strike
3 Shadow Hunter
1 Hex
2 Healing Wave
» actions
| Assign group hotkey | 16 | |
| Basic commands | 65 | |
| Build / train | 48 | |
| ESC pressed | 1 | |
| Enter build submenu | 17 | |
| Enter hero's abilities submenu | 6 | |
| Right click | 761 | |
| Select / deselect | 202 | |
| Select group hotkey | 68 | |
| Use ability | 75 | |
1259 total
» units
| Peon | 12 | |
| Grunt | 4 | |
| Spirit Walker | 5 | |
| Tauren | 2 | |
23 total
» upgrades
| Spirit Walker Training | 2 | |
| Berserker Strength | 1 | |
| Pillage | 1 | |
| Melee Weapons | 2 | |
| Pulverize | 1 | |
| Armor | 2 | |
| Reinforced Defenses | 1 | |
10 total
» buildings
| Altar of Storms | 1 | |
| Orc Burrow | 6 | |
| Barracks | 1 | |
| Stronghold | 1 | |
| War Mill | 1 | |
| Spirit Lodge | 1 | |
| Fortress | 1 | |
| Voodoo Lounge | 1 | |
| Tauren Totem | 2 | |
| Great Hall | 2 | |
17 total
» build order
00:12 Altar of Storms
00:16 Orc Burrow
00:26 Barracks
02:19 Stronghold
02:31 Orc Burrow
03:25 War Mill
04:51 Spirit Lodge
05:01 Fortress
05:22 Voodoo Lounge
05:39 Orc Burrow
07:30 Tauren Totem
07:37 Tauren Totem
08:14 Orc Burrow
09:17 Orc Burrow
13:31 Great Hall
14:53 Orc Burrow
20:32 Great Hall
» items
| Healing Salve | 1 | |
| Lesser Clarity Potion | 1 | |
| Scroll of Speed | 2 | |
| Orb of Lightning | 1 | |
5 total
BOBpoundMax (
yellow | 53 APM | 2592 actions | 48:34)
6 Blademaster
2 Wind Walk
3 Critical Strike
1 Bladestorm
5 Shadow Hunter
3 Hex
2 Healing Wave
» actions
| Assign group hotkey | 16 | |
| Basic commands | 17 | |
| Build / train | 77 | |
| Enter build submenu | 27 | |
| Enter hero's abilities submenu | 12 | |
| Right click | 1852 | |
| Select / deselect | 377 | |
| Select group hotkey | 23 | |
| Use ability | 191 | |
2592 total
» units
| Peon | 11 | |
| Wind Rider | 11 | |
| Goblin Zeppelin | 1 | |
23 total
» upgrades
| Armor | 3 | |
| Ranged Weapons | 3 | |
| Shaman Training | 1 | |
| Reinforced Defenses | 1 | |
8 total
» buildings
| Altar of Storms | 1 | |
| Orc Burrow | 9 | |
| War Mill | 1 | |
| Voodoo Lounge | 1 | |
| Watch Tower | 9 | |
| Stronghold | 1 | |
| Beastiary | 2 | |
| Fortress | 2 | |
| Spirit Lodge | 1 | |
27 total
» build order
00:08 Altar of Storms
00:21 Orc Burrow
00:30 War Mill
01:22 Voodoo Lounge
02:11 Watch Tower
02:15 Watch Tower
02:25 Watch Tower
03:19 Stronghold
05:47 Beastiary
05:51 Beastiary
06:17 Orc Burrow
06:21 Orc Burrow
06:28 Orc Burrow
06:34 Orc Burrow
07:22 Orc Burrow
12:34 Fortress
12:35 Fortress
13:30 Orc Burrow
15:41 Orc Burrow
17:51 Orc Burrow
18:20 Spirit Lodge
19:19 Watch Tower
19:25 Watch Tower
19:29 Watch Tower
19:33 Watch Tower
20:28 Watch Tower
20:33 Watch Tower
» items
| Healing Salve | 4 | |
| Lesser Clarity Potion | 6 | |
| Scroll of Town Portal | 1 | |
| Potion of Healing | 2 | |
| Orb of Lightning | 1 | |
14 total
JewsFearSamurai (
red | 51 APM | 2493 actions | 48:34)
8 Blademaster
3 Wind Walk
3 Critical Strike
1 Bladestorm
1 Mirror Image
» actions
| Assign group hotkey | 130 | |
| Basic commands | 254 | |
| Build / train | 86 | |
| Enter build submenu | 52 | |
| Enter hero's abilities submenu | 8 | |
| Give item / drop item | 8 | |
| Remove unit from queue | 1 | |
| Right click | 817 | |
| Select / deselect | 524 | |
| Select group hotkey | 293 | |
| Use ability | 320 | |
2493 total
» units
| Peon | 8 | |
| Grunt | 5 | |
| Goblin Shredder | 1 | |
| Wind Rider | 10 | |
| Goblin Zeppelin | 3 | |
| Troll Batrider | 6 | |
| Goblin Sapper | 17 | |
50 total
» upgrades
| Armor | 3 | |
| Ranged Weapons | 3 | |
| Liquid Fire | 1 | |
| Reinforced Defenses | 1 | |
| Troll Regeneration | 1 | |
| Envenomed Spears | 1 | |
10 total
» buildings
| Orc Burrow | 6 | |
| Altar of Storms | 1 | |
| Barracks | 1 | |
| Voodoo Lounge | 3 | |
| Stronghold | 1 | |
| War Mill | 2 | |
| Beastiary | 6 | |
| Great Hall | 2 | |
| Fortress | 1 | |
| Watch Tower | 45 | |
68 total
» build order
00:12 Orc Burrow
00:52 Altar of Storms
00:53 Barracks
01:04 Orc Burrow
01:38 Voodoo Lounge
02:49 Stronghold
03:25 Orc Burrow
04:32 Orc Burrow
04:35 War Mill
05:26 Beastiary
05:26 Beastiary
06:09 Great Hall
08:26 War Mill
10:13 Fortress
10:54 Beastiary
13:26 Beastiary
16:18 Watch Tower
16:19 Watch Tower
16:21 Watch Tower
16:22 Watch Tower
16:32 Great Hall
17:17 Watch Tower
17:18 Watch Tower
17:18 Watch Tower
17:19 Watch Tower
17:20 Watch Tower
17:20 Watch Tower
17:21 Watch Tower
17:22 Watch Tower
17:24 Voodoo Lounge
17:25 Watch Tower
17:26 Watch Tower
17:26 Watch Tower
17:27 Watch Tower
18:22 Watch Tower
18:23 Watch Tower
18:24 Watch Tower
18:26 Watch Tower
18:32 Watch Tower
18:35 Watch Tower
18:35 Watch Tower
18:37 Watch Tower
18:38 Watch Tower
18:40 Watch Tower
18:41 Watch Tower
18:42 Watch Tower
18:42 Watch Tower
18:43 Watch Tower
19:26 Orc Burrow
19:29 Orc Burrow
20:14 Watch Tower
20:16 Watch Tower
20:19 Watch Tower
20:25 Watch Tower
20:30 Watch Tower
22:47 Beastiary
22:50 Beastiary
23:47 Voodoo Lounge
24:18 Watch Tower
24:18 Watch Tower
24:18 Watch Tower
24:19 Watch Tower
24:19 Watch Tower
24:21 Watch Tower
24:21 Watch Tower
24:22 Watch Tower
24:22 Watch Tower
24:22 Watch Tower
» items
| Healing Salve | 7 | |
| Potion of Healing | 2 | |
| Scroll of Town Portal | 1 | |
| Orb of Lightning | 1 | |
| Lesser Clarity Potion | 1 | |
| Potion of Mana | 1 | |
| Tiny Great Hall | 1 | |
14 total
team 2 (winner)

»
Cola (
green | 86 APM | 1397 actions | 16:15)
3 Blood Mage
2 Flame Strike
1 Siphon Mana
3 Archmage
2 Blizzard
1 Brilliance Aura
» actions
| Assign group hotkey | 32 | |
| Basic commands | 61 | |
| Build / train | 75 | |
| ESC pressed | 1 | |
| Enter build submenu | 36 | |
| Enter hero's abilities submenu | 7 | |
| Remove unit from queue | 1 | |
| Right click | 687 | |
| Select / deselect | 354 | |
| Select group hotkey | 82 | |
| Use ability | 61 | |
1397 total
» units
| Peasant | 11 | |
| Footman | 11 | |
| Goblin Shredder | 1 | |
| Priest | 2 | |
| Sorceress | 2 | |
| Spell Breaker | 2 | |
| Rifleman | 4 | |
| Mortar Team | 5 | |
38 total
» upgrades
| Masonry | 3 | |
| Sorceress Training | 2 | |
| Priest Training | 2 | |
| Gunpowder | 1 | |
8 total
» buildings
| Altar of Kings | 1 | |
| Farm | 10 | |
| Barracks | 1 | |
| Lumber Mill | 2 | |
| Arcane Vault | 2 | |
| Scout Tower | 13 | |
| Arcane Tower | 2 | |
| Keep | 3 | |
| Town Hall | 1 | |
| Arcane Sanctum | 3 | |
| Blacksmith | 1 | |
| Guard Tower | 6 | |
| Castle | 1 | |
| Workshop | 1 | |
47 total
» build order
00:23 Altar of Kings
00:26 Farm
00:29 Farm
00:35 Barracks
00:58 Farm
01:27 Lumber Mill
02:10 Arcane Vault
03:11 Scout Tower
03:12 Farm
03:34 Farm
03:41 Arcane Tower
04:19 Keep
04:19 Keep
04:19 Keep
04:28 Scout Tower
05:53 Arcane Tower
06:05 Town Hall
06:12 Farm
06:50 Lumber Mill
08:05 Arcane Sanctum
08:07 Arcane Sanctum
08:09 Arcane Sanctum
08:19 Blacksmith
08:32 Scout Tower
08:35 Scout Tower
08:59 Guard Tower
09:14 Guard Tower
09:27 Scout Tower
09:29 Scout Tower
09:31 Scout Tower
09:33 Scout Tower
10:13 Castle
10:14 Guard Tower
10:17 Guard Tower
10:28 Arcane Vault
10:34 Scout Tower
10:54 Farm
10:57 Farm
10:59 Farm
11:19 Guard Tower
11:21 Scout Tower
11:52 Guard Tower
11:57 Workshop
12:06 Farm
15:35 Scout Tower
15:36 Scout Tower
15:37 Scout Tower
» items
| Scroll of Regeneration | 2 | |
| Potion of Healing | 3 | |
| Ivory Tower | 3 | |
8 total

»
Dabu (
orange | 60 APM | 985 actions | 16:26)
3 Keeper of the Grove
2 Entangling Roots
1 Thorns Aura
» actions
| Assign group hotkey | 50 | |
| Basic commands | 36 | |
| Build / train | 75 | |
| ESC pressed | 6 | |
| Enter build submenu | 33 | |
| Enter hero's abilities submenu | 3 | |
| Right click | 335 | |
| Select / deselect | 235 | |
| Select group hotkey | 143 | |
| Use ability | 68 | |
985 total
» units
» upgrades
| Ultravision | 1 | |
| Improved Bows | 1 | |
| Strength of the Moon | 1 | |
| Moon Armor | 1 | |
4 total
» buildings
| Moon Well | 5 | |
| Altar of Elders | 1 | |
| Ancient of War | 2 | |
| Ancient of Wonders | 2 | |
| Hunter's Hall | 2 | |
| Tree of Life | 1 | |
| Ancient Protector | 14 | |
| Tree of Ages | 1 | |
| Tree of Eternity | 1 | |
| Ancient of Wind | 2 | |
31 total
» build order
00:10 Moon Well
00:19 Altar of Elders
01:03 Ancient of War
01:44 Ancient of War
01:58 Moon Well
02:13 Ancient of Wonders
02:40 Moon Well
04:47 Hunter's Hall
05:33 Tree of Life
05:46 Moon Well
06:42 Ancient Protector
06:43 Ancient Protector
06:45 Ancient Protector
07:35 Ancient Protector
07:45 Ancient Protector
07:47 Ancient Protector
08:57 Ancient Protector
09:00 Tree of Ages
09:05 Ancient Protector
09:07 Ancient Protector
09:11 Ancient Protector
09:16 Ancient Protector
09:41 Ancient Protector
09:50 Ancient Protector
09:52 Ancient Protector
11:08 Hunter's Hall
11:17 Ancient of Wonders
11:33 Tree of Eternity
13:04 Ancient of Wind
13:22 Moon Well
14:29 Ancient of Wind
» items
| Dust of Appearance | 1 | |
| Orb of Fire | 1 | |
| Potion of Healing | 1 | |
3 total
GERALTOF.RIVIA. (
pink | 66 APM | 3214 actions | 48:32)
9 Blademaster
3 Wind Walk
3 Critical Strike
1 Bladestorm
2 Mirror Image
» actions
| Assign group hotkey | 53 | |
| Basic commands | 127 | |
| Build / train | 71 | |
| Enter build submenu | 35 | |
| Enter hero's abilities submenu | 9 | |
| Give item / drop item | 2 | |
| Remove unit from queue | 3 | |
| Right click | 1432 | |
| Select / deselect | 422 | |
| Select group hotkey | 772 | |
| Use ability | 288 | |
3214 total
» units
| Peon | 10 | |
| Goblin Shredder | 2 | |
| Wind Rider | 3 | |
| Goblin Zeppelin | 2 | |
| Troll Batrider | 9 | |
| Goblin Sapper | 3 | |
| Raider | 2 | |
31 total
» upgrades
| Ranged Weapons | 2 | |
| Reinforced Defenses | 1 | |
| Armor | 2 | |
| Liquid Fire | 1 | |
| Ensnare | 1 | |
| Melee Weapons | 1 | |
| Pillage | 1 | |
9 total
» buildings
| Altar of Storms | 1 | |
| Orc Burrow | 6 | |
| War Mill | 1 | |
| Voodoo Lounge | 1 | |
| Watch Tower | 53 | |
| Stronghold | 1 | |
| Fortress | 2 | |
| Beastiary | 3 | |
| Great Hall | 1 | |
69 total
» build order
00:11 Altar of Storms
00:24 Orc Burrow
00:38 War Mill
01:22 Voodoo Lounge
01:51 Watch Tower
02:10 Watch Tower
02:42 Watch Tower
03:16 Stronghold
03:22 Orc Burrow
04:57 Watch Tower
05:03 Watch Tower
05:53 Fortress
05:54 Fortress
05:58 Beastiary
06:14 Beastiary
06:22 Orc Burrow
09:14 Orc Burrow
09:37 Watch Tower
09:37 Watch Tower
09:38 Watch Tower
09:38 Watch Tower
09:39 Watch Tower
10:19 Watch Tower
10:19 Watch Tower
10:50 Watch Tower
10:52 Watch Tower
11:14 Beastiary
11:17 Orc Burrow
11:23 Watch Tower
11:58 Watch Tower
12:02 Watch Tower
12:18 Watch Tower
12:26 Watch Tower
12:26 Watch Tower
12:27 Watch Tower
12:27 Watch Tower
16:24 Watch Tower
16:25 Watch Tower
16:25 Watch Tower
16:53 Watch Tower
16:53 Watch Tower
19:18 Watch Tower
19:19 Watch Tower
19:24 Watch Tower
19:25 Watch Tower
19:25 Watch Tower
19:25 Watch Tower
20:34 Watch Tower
20:34 Watch Tower
20:35 Watch Tower
20:35 Watch Tower
21:25 Watch Tower
21:25 Watch Tower
21:25 Watch Tower
21:25 Watch Tower
21:26 Watch Tower
21:26 Watch Tower
21:27 Watch Tower
24:24 Orc Burrow
32:02 Great Hall
32:05 Watch Tower
32:05 Watch Tower
32:06 Watch Tower
32:07 Watch Tower
32:08 Watch Tower
32:11 Watch Tower
32:11 Watch Tower
32:17 Watch Tower
32:18 Watch Tower
» items
| Healing Salve | 3 | |
| Lesser Clarity Potion | 3 | |
| Tiny Great Hall | 1 | |
| Orb of Lightning | 1 | |
| Scroll of Town Portal | 4 | |
| Scroll of Regeneration | 1 | |
| Potion of Mana | 1 | |
14 total

»
DYBALA (
blue | 14 APM | 674 actions | 48:34)
4 Mountain King
2 Storm Bolt
2 Thunder Clap
» actions
| Assign group hotkey | 21 | |
| Basic commands | 15 | |
| Build / train | 84 | |
| Enter build submenu | 23 | |
| Enter hero's abilities submenu | 3 | |
| Remove unit from queue | 1 | |
| Right click | 97 | |
| Select / deselect | 245 | |
| Select group hotkey | 139 | |
| Use ability | 46 | |
674 total
» units
| Peasant | 13 | |
| Priest | 9 | |
| Sorceress | 9 | |
| Spell Breaker | 3 | |
| Dragonhawk Rider | 5 | |
| Gryphon Rider | 4 | |
| Knight | 8 | |
| Mortar Team | 9 | |
60 total
» upgrades
| Sorceress Training | 2 | |
| Priest Training | 2 | |
| Swords | 2 | |
| Plating | 1 | |
| Armor | 1 | |
| Control Magic | 1 | |
| Gunpowder | 1 | |
| Masonry | 0 | |
10 total
» buildings
| Keep | 1 | |
| Lumber Mill | 1 | |
| Farm | 13 | |
| Altar of Kings | 1 | |
| Scout Tower | 2 | |
| Arcane Sanctum | 2 | |
| Guard Tower | 2 | |
| Castle | 1 | |
| Arcane Vault | 1 | |
| Blacksmith | 1 | |
| Gryphon Aviary | 2 | |
27 total
» build order
02:16 Keep
04:22 Lumber Mill
04:46 Farm
04:50 Altar of Kings
05:21 Scout Tower
05:31 Arcane Sanctum
06:19 Guard Tower
06:22 Scout Tower
06:29 Arcane Sanctum
09:00 Guard Tower
09:08 Castle
09:13 Farm
09:17 Farm
11:40 Farm
11:43 Arcane Vault
12:06 Farm
12:27 Blacksmith
12:53 Gryphon Aviary
12:58 Farm
13:01 Farm
14:09 Farm
14:12 Farm
14:17 Gryphon Aviary
17:32 Farm
17:36 Farm
19:09 Farm
19:47 Farm
» items
| Orb of Fire | 1 | |
| Scroll of Town Portal | 2 | |
3 total
Chat log
(01:10 / All) BOBpoundMax: donald glover is actually the prowler
(01:13 / All) BOBpoundMax: holy shit
(09:58 / All) JewsFearSamurai: sigh
(10:07 / All) GERALTOF.RIVIA.: y sigh
(10:10 / All) JewsFearSamurai: teal is brave
(10:10 / Allies) BOBpoundMax: come
(10:21 / Allies) JewsFearSamurai: I gotta heal up now
(10:24 / Allies) JewsFearSamurai: teal bailed on me
(11:22 / All) JewsFearSamurai: green mh?
(11:27 / All) GERALTOF.RIVIA.: no he was there
(11:33 / All) JewsFearSamurai: He walked there
(11:34 / All) GERALTOF.RIVIA.: we got our side defended
(15:47 / Allies) BOBpoundMax: gold?
(16:12 / All) Cola: GG
(16:40 / All) BOBpoundMax: plz leave
(17:39 / All) DYBALA: shite team
(18:06 / Allies) JewsFearSamurai: gold?
(21:14 / All) GERALTOF.RIVIA.: get the fuck away yellow
(21:15 / All) GERALTOF.RIVIA.: u nigger
(21:42 / Allies) JewsFearSamurai: teal or me?
(21:42 / All) BOBpoundMax: iam japanese
(23:38 / All) BOBpoundMax: pink u mh?
(24:13 / All) GERALTOF.RIVIA.: blue can u help me
(24:31 / Allies) BOBpoundMax: red
(24:34 / Allies) BOBpoundMax: make units
(24:42 / Allies) JewsFearSamurai: I have units
(25:10 / Allies) BOBpoundMax: blue is
(25:12 / Allies) BOBpoundMax: aa
(25:21 / Allies) BOBpoundMax: come here red
(25:23 / All) GERALTOF.RIVIA.: go
(26:24 / All) DYBALA: good thing pink helped
(26:57 / Allies) iMaGiNe]: gold me please red
(26:59 / Allies) iMaGiNe]: for expo
(27:00 / Allies) BOBpoundMax: gold
(27:14 / Allies) JewsFearSamurai: lumber
(27:24 / Allies) iMaGiNe]: gold
(27:28 / Allies) JewsFearSamurai: teal has 3k
(27:35 / Allies) iMaGiNe]: hes gone
(27:49 / Allies) JewsFearSamurai: teal share them gold plz
(27:56 / Allies) iMaGiNe]: HE LEFT
(28:02 / Allies) iMaGiNe]: give me gold for expo
(28:03 / Allies) iMaGiNe]: or im leaving
(28:17 / Allies) BOBpoundMax: use teal
(28:20 / All) GERALTOF.RIVIA.: i cant hit them blue is tking lol
(28:22 / Allies) iMaGiNe]: you have 5,000 gold red
(28:26 / Allies) iMaGiNe]: give me 500
(28:27 / Allies) iMaGiNe]: or im leaving
(28:37 / Allies) iMaGiNe]: k gg
(28:45 / Allies) JewsFearSamurai: teal
(28:47 / Allies) JewsFearSamurai: give them gold plz
(28:49 / Allies) BOBpoundMax: give him gold
(28:50 / Allies) iMaGiNe]: red
(28:53 / Allies) iMaGiNe]: you're retarded
(28:55 / Allies) iMaGiNe]: teal left the game
(29:00 / Allies) iMaGiNe]: like how is anyone this dumb
(29:16 / Allies) iMaGiNe]: we lose
(29:16 / All) JewsFearSamurai: tael won't share gold
(29:20 / All) JewsFearSamurai: he not doing ayhting
(29:21 / All) GERALTOF.RIVIA.: kill that bitch blue
(29:24 / All) iMaGiNe]: red is so retarded
(29:34 / All) iMaGiNe]: ive tried to tell him ten times teal left
(29:35 / All) GERALTOF.RIVIA.: tk him purple
(29:36 / All) GERALTOF.RIVIA.: be a man
(29:53 / All) DYBALA: yall idiots
(29:54 / Allies) JewsFearSamurai: teal you there bro?
(29:55 / All) GERALTOF.RIVIA.: god im stupid lawl
(29:59 / Allies) JewsFearSamurai: did you go afk
(30:11 / Allies) JewsFearSamurai: share gold if u not paly bro
(30:18 / Allies) iMaGiNe]: he left the game
(30:20 / Allies) iMaGiNe]: you fucking idiot
(31:05 / Allies) JewsFearSamurai: teal wtf is ur problem man
(31:08 / Allies) JewsFearSamurai: get units or share gold
(31:10 / Allies) iMaGiNe]: red
(31:17 / Allies) iMaGiNe]: Jews
(31:20 / Allies) iMaGiNe]: can you see this
(31:32 / Allies) JewsFearSamurai: why my team not even talking hello guys?
(31:43 / Allies) BOBpoundMax: gold red
(31:45 / Allies) iMaGiNe]: kids trolling
(31:46 / Allies) iMaGiNe]: ignore him
(31:47 / All) GERALTOF.RIVIA.: u guys hav eno excuse if u lose
(31:48 / All) JewsFearSamurai: my team went silent on me 10 mins ago wtf
(31:49 / All) GERALTOF.RIVIA.: blue tked us too
(31:57 / All) JewsFearSamurai: teal went afk and my team not talk
(32:59 / All) GERALTOF.RIVIA.: are u kididng me
(33:27 / All) GERALTOF.RIVIA.: w/e dont need 2nd expo game is lamost over
(35:18 / All) DYBALA: lol
(35:59 / All) iMaGiNe]: red has 15k
(36:00 / All) GERALTOF.RIVIA.: suck my dick purple u nub
(36:06 / All) iMaGiNe]: and is pretending not to see us type
(36:11 / All) iMaGiNe]: lol
(36:13 / All) GERALTOF.RIVIA.: ur just bad
(36:18 / All) DYBALA: he tk
(36:25 / All) DYBALA: played wit him before
(36:32 / All) GERALTOF.RIVIA.: we had 2 tkers so u cant use red as excuse
(37:09 / All) DYBALA: man nicolette shea is fucking sexy
(37:13 / All) DYBALA: just JOed to her
(37:23 / Allies) iMaGiNe]: gl red
(38:19 / All) JewsFearSamurai: yellow is tk
(38:32 / All) JewsFearSamurai: yellow killed my sappers for no reason
(39:15 / All) BOBpoundMax: u were running to my base
(39:21 / All) BOBpoundMax: wit snappers
(39:24 / All) JewsFearSamurai: so? they were there to protect you, tk
(39:54 / All) GERALTOF.RIVIA.: yellow nubbbbbbbb
(39:57 / All) BOBpoundMax: protect me from what
(40:09 / All) BOBpoundMax: cant kill anything wit snapppers
(46:24 / All) JewsFearSamurai: cool tp yellow
(46:28 / All) JewsFearSamurai: want to bring it to the white house?
(46:38 / All) JewsFearSamurai: one more hit!
(46:39 / All) JewsFearSamurai: one more hit!
(46:42 / All) JewsFearSamurai: one more hit!
(46:50 / All) JewsFearSamurai: GOTHEEM!
(46:57 / All) JewsFearSamurai: tell em the good news
(47:23 / All) JewsFearSamurai: he has a zep
(47:28 / All) JewsFearSamurai: wonder if it has any goodies inside
(47:42 / All) JewsFearSamurai: guess not
(47:49 / All) GERALTOF.RIVIA.: NO GOODIES
(47:50 / All) GERALTOF.RIVIA.: SAD FACE
(47:55 / All) GERALTOF.RIVIA.: STANDOFF done my side
(48:33 / All) JewsFearSamurai: Good luck buddies